 Dungeon Crawl Stone Soup version 0.30-a0-879-ga8ba668304 (webtiles) character file.

Game seed: 13877550453067135679

9060 Lobster4 the Skirmisher (level 11, -4/90 HPs)
             Began as a Minotaur Hunter on Mar 13, 2023.
             Was a Believer of Hepliaklqana.
             Slain by a shadow (28 damage)
             ... on level 10 of the Dungeon.
             The game lasted 00:21:35 (8779 turns).

Lobster4 the Skirmisher (Minotaur Hunter)           Turns: 8779, Time: 00:21:35

Health: -4/90      AC: 16    Str: 15    XL:     11   Next: 18%
Magic:  10/10      EV: 12    Int:  6    God:    Hepliaklqana [**....]
Gold:   245        SH:  0    Dex: 16    Spells: 10/10 levels left

rFire   + . .      SeeInvis .    a - +0 shortbow (heavy)
rCold   + + +      Faith    .    (shield currently unavailable)
rNeg    . . .      Spirit   .    q - +3 scale mail of Boredom {rPois rC++ Will+ Dex-3}
rPois   +          Reflect  .    (helmet restricted)
rElec   +          Rampage  .    w - +1 cloak
rCorr   +                        (no gloves)
Will    +....                    l - +1 pair of boots Stlth
                                 (no amulet)
HPRegen 0.35/turn                (no ring)
MPRegen 0.12/turn                (no ring)

@: resistant
A: reduced essence, horns 2, retaliatory headbutt
a: Renounce Religion, Recall Ancestor, Ancestor Identity


You were on level 10 of the Dungeon.
You worshipped Hepliaklqana.
Hepliaklqana was pleased with you.
You visited 2 branches of the dungeon, and saw 11 of its levels.

You collected 518 gold pieces.
You spent 273 gold pieces at shops.

Inventory:

Hand Weapons
 a - a +0 heavy shortbow (weapon)
 k - a +0 sling
 n - the +6 whip "Liurghesi" {drain, Int+5}
   (You found it on level 2 of the Dungeon)

   Int:       It affects your intelligence (+5).
 p - the +1 war axe of Defiance {drain, rN++ Int+3}
   (You found it on level 2 of the Dungeon)

   Int:       It affects your intelligence (+3).
   rN:        It greatly protects you from negative energy.
 B - the +5 dagger "Ickuxi Ofua" {pain, rElec rF+++ Will- rCorr}
   (You took it off a gnoll on level 6 of the Dungeon)

   rF:        It renders you almost immune to fire.
   rElec:     It insulates you from electricity.
   rCorr:     It protects you from acid and corrosion.
   Will:      It decreases your willpower.
Missiles
 c - 2 boomerangs
 o - 35 poisoned darts
 G - 2 throwing nets
 L - a curare-tipped dart
Armour
 l - a +1 pair of boots (worn)
 m - a +0 chain mail of positive energy
 q - the +3 scale mail of Boredom (worn) {rPois rC++ Will+ Dex-3}
   (You found it on level 2 of the Dungeon)

   Dex:       It affects your dexterity (-3).
   rC:        It greatly protects you from cold.
   rPois:     It protects you from poison.
   Will:      It increases your willpower.
 w - a +1 cloak (worn)
Jewellery
 y - a ring of ice
 A - an amulet of faith
Wands
 s - a wand of digging (5)
 x - a wand of roots (6)
 D - a wand of acid (14)
 F - a wand of flame (12)
Scrolls
 b - a scroll of immolation
 u - a scroll of silence
 v - 3 scrolls of teleportation
 z - a scroll of blinking
 C - a scroll of noise {unknown}
 J - 2 scrolls of fog {unknown}
Potions
 d - a potion of magic
 e - a potion of brilliance
 f - 4 potions of cancellation
 g - 3 potions of curing
 h - a potion of heal wounds
 i - 4 potions of haste
 j - 5 potions of mutation
 t - 2 potions of ambrosia
 E - a potion of flight
 H - a potion of berserk rage
 I - a potion of might


   Skills:
 + Level 10.2 Fighting
 - Level 3.0 Short Blades
 * Level 13.4 Ranged Weapons
 - Level 1.0 Throwing
 + Level 8.5 Armour
 - Level 6.0 Dodging
 - Level 1.0 Stealth
 - Level 3.0 Evocations


You had 10 spell levels left.
You didn't know any spells.
Your spell library contained the following spells:

 Spells                   Type           Power      Damage    Failure   Level
 Ignite Poison            Fire/Tmut/Pois 0%         N/A       99%         3
 Kindle Blastsparks       Fire/Tloc/Air  0%         2d10      99%         3
 Tukima's Dance           Hex            0%         N/A       99%         3
 Fulminant Prism          Conj/Hex       0%         3d5       100%        4
 Iskenderun's Mystic Bla  Conj/Tloc      0%         2d3       100%        4
 Leda's Liquefaction      Hex/Erth       0%         N/A       100%        4
 Passage of Golubria      Tloc           0%         N/A       100%        4
 Freezing Cloud           Conj/Ice/Air   0%         6-21      100%        5
 Lee's Rapid Deconstruct  Erth           0%         3d4*      100%        5
 Yara's Violent Unravell  Hex/Tmut       0%         3d3       100%        5
 Statue Form              Tmut/Erth      0%         N/A       100%        6


Dungeon Overview and Level Annotations

Branches:
Dungeon (10/15)            Temple (1/1) D:6
   Lair: D:8-11         Orc: D:9-12

Altars:
Ashenzari
Cheibriados
Dithmenos
Elyvilon
Fedhas
Hepliaklqana
Kikubaaqudgha
Makhleb
Nemelex Xobeh
Okawaru
Qazlal
Ru
Sif Muna
Trog
Uskayaw
Vehumet
Wu Jian
Xom
Yredelemnul
Zin
The Shining One

Shops:
D:8 !

Annotations:
D:4 Edmund
D:5 3 runed translucent doors, math4jedi's ghost, amateur MiBe
D:6 1 runed translucent door, Crazy Yiuf


Innate Abilities, Weirdness & Mutations

Your life essence is reduced to manifest your ancestor. (-10% HP)
You have a pair of horns on your head.
You reflexively headbutt those who attack you in melee.


Message History

Press: ? - help, Q - select action, (/) - cycle Shift-Dir - straight line, f - yak
Aim: a yak (flame, severely wounded, ally target, 79% to hit)
You shoot an arrow. Ælfthryth avoids your attack.
The arrow hits the yak!!
You kill the yak!
Fire: a) +0 shortbow (heavy)
Press: ? - help, Q - select action, (/) - cycle Shift-Dir - straight line, f - yak
Aim: a yak (flame, 79% to hit)
You shoot an arrow. Ælfthryth avoids your attack.
The arrow barely misses the yak.
The yak is engulfed in blazing flames.
Fire: a) +0 shortbow (heavy)
Press: ? - help, Q - select action, (/) - cycle Shift-Dir - straight line, f/p - yak
Aim: a yak (flame, heavily wounded, ally target, 79% to hit)
You shoot an arrow. Ælfthryth avoids your attack.
The arrow barely misses the yak.
The yak is engulfed in blazing flames. Ælfthryth hits the yak with a +0 flail!
The yak is engulfed in blazing flames.
You kill the yak!
Fire: a) +0 shortbow (heavy)
Press: ? - help, Q - select action, (/) - cycle Shift-Dir - straight line, f - you Really target yourself?
Okay, then.
The yak is engulfed in blazing flames. Ælfthryth hits the yak with a +0 flail!
The yak is engulfed in blazing flames.
You kill the yak! Ælfthryth hits something with a +0 flail! Ælfthryth closely misses something.
You start resting.
The shadow strikes at you from the darkness!
* * * LOW HITPOINT WARNING * * *
A shadow comes into view.
You shoot an arrow. The arrow hits the shadow.
The shadow is almost destroyed.
The shadow slips into darkness.
The shadow flickers and vanishes!
Deactivating autopickup; reactivate with Ctrl-A. Ælfthryth closely misses something.
You shoot an arrow. Ælfthryth avoids your attack.
The shadow strikes at you from the darkness!
You die...

###
##.....#
##.#
#.8...#
#.y.
#†....#...
#...
#†).......
#...
#.†####....
#... ##.#
### #...
#R# #...
#{# #...
#@# #...
#.# ####
..# # ####
.


You could see the friendly Ælfthryth the knight.

Vanquished Creatures
  An ugly thing (D:9)
  Joseph (D:8)
  A troll (D:10)
  A meliai (D:10)
  Prince Ribbit (D:5)
  Sigmund (D:3)
  A shadow (D:10)
  2 wyverns
  A wraith (D:7)
  10 yaks (D:10)
  A water moccasin (D:7)
  2 sky beasts (D:6)
  2 ice beasts
  2 orc warriors
  3 black bears
  A wolf (D:8)
  A centaur (D:10)
  A phantom (D:6)
  A kobold brigand (D:8)
  5 bullfrogs
  5 scorpions
  5 killer bees (D:9)
  5 howler monkeys
  3 centaur zombies (D:10)
  4 hounds
  2 jellies
  6 orc priests
  Ijyb (D:3)
  A sleepcap (D:6)
  Jessica (D:2)
  2 gnoll boudas
  4 iguanas
  5 orc wizards
  Robin (D:3)
  A howler monkey zombie (D:10)
  14 gnolls
  6 adders
  A white imp (D:5)
  3 ufetubi
  2 dart slugs (D:2)
  30 orcs
  5 ball pythons
  6 endoplasms
  3 giant cockroaches
  13 goblins
  8 hobgoblins
  3 jackals (D:2)
  8 kobolds
  A quokka (D:5)
  5 bats
  5 frilled lizards
  3 rats
201 creatures vanquished.

Vanquished Creatures (collateral kills)
  A two-headed ogre (D:10)
  A hornet (D:10)
  A shadow (D:10)
  A wraith (D:10)
  A vampire (D:10)
  Grum (D:8)
  A wolf (D:8)
  A kobold brigand (D:9)
  2 bullfrogs
  A killer bee (D:9)
  A howler monkey (D:8)
  An orc priest (D:7)
  A gnoll bouda (D:9)
  An orc wizard (D:8)
  4 gnolls
  3 orcs
  3 kobolds
25 creatures vanquished.

Vanquished Creatures (others)
  A knight (D:10)
  3 ancestors
  22 fungi
  21 plants
  2 withered plants (D:10)
49 creatures vanquished.

Grand Total: 275 creatures vanquished

Notes
Turn   | Place    | Note
-------+----------+-------------------------------------------
     0 | D:1      | Lobster4 the Minotaur Hunter began the quest for the Orb.
     0 | D:1      | Reached XP level 1. HP: 18/18 MP: 0/0
   276 | D:1      | Reached skill level 1 in Stealth
   423 | D:1      | Reached XP level 2. HP: 22/25 MP: 1/1
  1108 | D:2      | Noticed Jessica
  1112 | D:2      | Killed Jessica
  1113 | D:2      | Reached skill level 1 in Armour
  1113 | D:2      | Reached XP level 3. HP: 24/30 MP: 2/2
  1157 | D:2      | Reached skill level 5 in Ranged Weapons
  1158 | D:2      | Identified the +6 whip "Liurghesi" {drain, Int+5}
  1191 | D:2      | Identified the +1 war axe of Defiance {drain, rN++ Int+3}
  1381 | D:2      | Reached XP level 4. HP: 29/38 MP: 3/3
  1467 | D:2      | Identified the +3 scale mail of Boredom {rPois rC++ Will+
                  | Dex-3}
  1651 | D:3      | Noticed Robin
  1665 | D:3      | Killed Robin
  1720 | D:3      | Noticed Ijyb
  1737 | D:3      | Killed Ijyb
  1738 | D:3      | Reached XP level 5. HP: 30/45 MP: 4/4
  1841 | D:3      | Noticed Sigmund
  2305 | D:4      | Noticed Edmund
  2460 | D:3      | Found a white marble altar of Elyvilon.
  2667 | D:3      | Killed Sigmund
  2668 | D:3      | Reached skill level 6 in Ranged Weapons
  2668 | D:3      | Reached XP level 6. HP: 47/52 MP: 5/5
  2983 | D:4      | Reached XP level 7. HP: 55/60 MP: 6/6
  3336 | D:5      | Entered Level 5 of the Dungeon
  3442 | D:5      | Found a runed translucent gate.
  3444 | D:5      | Found a runed translucent gate.
  3445 | D:5      | Found a runed translucent gate.
  3460 | D:5      | Noticed Prince Ribbit
  3483 | D:5      | Reached skill level 7 in Ranged Weapons
  3521 | D:5      | Killed Prince Ribbit
  3522 | D:5      | Reached skill level 5 in Fighting
  3703 | D:5      | Reached skill level 5 in Dodging
  3703 | D:5      | Reached XP level 8. HP: 59/69 MP: 7/7
  3833 | D:5      | Reached skill level 8 in Ranged Weapons
  3939 | D:5      | Found a shimmering blue altar of Sif Muna.
  4018 | D:5      | Reached skill level 5 in Armour
  4063 | D:5      | Noticed math4jedi's ghost (amateur MiBe)
  4070 | D:5      | Identified the +1 robe of Untold Secrets {rN++ Dex-4}
  4527 | D:6      | Reached skill level 1 in Throwing
  4604 | D:6      | Identified the +5 dagger "Ickuxi Ofua" {pain, rElec rF+++
                  | Will- rCorr}
  4613 | D:6      | Reached skill level 1 in Evocations
  4701 | D:6      | Found a staircase to the Ecumenical Temple.
  4711 | Temple   | Entered the Ecumenical Temple
  4808 | Temple   | Became a worshipper of Hepliaklqana the Forgotten
  5096 | D:6      | Reached skill level 1 in Short Blades
  5303 | D:6      | Found a runed translucent door.
  5304 | D:6      | Noticed Crazy Yiuf
  5438 | D:7      | Reached skill level 9 in Ranged Weapons
  5438 | D:7      | Reached XP level 9. HP: 73/78 MP: 8/8
  5616 | D:7      | Reached * piety under Hepliaklqana
  6504 | D:8      | Noticed Joseph
  6509 | D:8      | Reached skill level 10 in Ranged Weapons
  6522 | D:8      | Killed Joseph
  6694 | D:8      | Found Redghydd's Distillery.
  6709 | D:8      | Bought a potion of degeneration for 13 gold pieces
  6712 | D:8      | Bought a potion of flight for 39 gold pieces
  6712 | D:8      | Bought a potion of heal wounds for 65 gold pieces
  6728 | D:8      | Reached ** piety under Hepliaklqana
  6729 | D:8      | Remembered your ancestor Ælfthryth as a knight
  6753 | D:8      | Found a basalt altar of Yredelemnul.
  6777 | D:8      | Found an ornate altar of the Wu Jian Council.
  6914 | D:8      | Noticed Grum
  6919 | D:8      | Reached skill level 11 in Ranged Weapons
  6923 | D:8      | Killed Grum
  6926 | D:8      | Reached XP level 10. HP: 25/79 MP: 9/9
  7289 | D:8      | Found a basalt altar of Yredelemnul.
  7308 | D:8      | Found Redghydd's Distillery.
  7816 | D:8      | Bought a potion of berserk rage for 65 gold pieces
  7816 | D:8      | Bought a potion of might for 52 gold pieces
  7816 | D:8      | Bought a potion of attraction for 39 gold pieces
  7921 | D:9      | Found an ancient bone altar of Kikubaaqudgha.
  7953 | D:9      | Noticed a red ugly thing
  7961 | D:9      | Killed a red ugly thing
  8504 | D:10     | Entered Level 10 of the Dungeon
  8582 | D:10     | Reached skill level 12 in Ranged Weapons
  8727 | D:10     | Noticed a two-headed ogre
  8729 | D:10     | Noticed a boulder beetle
  8731 | D:10     | Killed a two-headed ogre
  8760 | D:10     | Reached skill level 13 in Ranged Weapons
  8761 | D:10     | Reached skill level 10 in Fighting
  8761 | D:10     | Reached XP level 11. HP: 19/89 MP: 10/10
  8779 | D:10     | Slain by a shadow

Illustrated notes

Levels and vault maps discovered:
D:1:      tarquinn_simple_flora_water_a, layout_basic
D:2:      layout_basic, uniq_jessica
D:3:      layout_loops_ring, nicolae_elyvilon_temple_path, portal_sewer_entry_d,
          uniq_sigmund, uniq_robin, uniq_ijyb
D:4:      layout_rooms, serial_aquarium, aquarium_bridge_square
          [aquarium_subvault_bridge, aquarium_subvault_bridge,
          aquarium_subvault_bridge, aquarium_subvault_bridge],
          aquarium_bridge_straight [aquarium_subvault_bridge,
          aquarium_subvault_window, aquarium_subvault_bridge,
          aquarium_subvault_wall], aquarium_window_fake, aquarium_window_fake,
          aquarium_view_2d, aquarium_view_2b, aquarium_balcony_3b,
          aquarium_pool_2, uniq_edmund
D:5:      layout_cave_pools, lemuel_coloured_pillars_altar,
          ebering_ghost_rock_garden, chequers_serial_rivers_marsh,
          kennysheep_opposing_triangles, uniq_prince_ribbit1
D:6:      layout_basic, minmay_temple_entry_junction, uniq_crazy_yiuf_cottage
D:7:      layout_gridville, st_stairs_3, hangedman_decor_opposing
D:8:      layout_loops_cross, nicolae_overflow_hidden_temple,
          nicolae_overflow_crystal_walls, serial_shops,
          nicolae_shop_hallway_plus, enter_bailey_5, uniq_grum, uniq_joseph
D:9:      layout_basic, kennysheep_little_box
D:10:     layout_basic, mainiacjoe_overflow_catwalk,
          grunt_lair_entry_orc_guard_hut, serial_undead, serial_undead_f,
          serial_undead_c, serial_undead_b, serial_undead_a, serial_undead_c,
          serial_undead_d, minmay_checkerbox
Temple:   minmay_temple_bridge_d

Skill      XL: |  1  2  3  4  5  6  7  8  9 10 |
---------------+-------------------------------+-----
Stealth        | 1 |  1.0
Armour         | 1 2 3 4 5 6 8 |  8.5
Ranged Weapons | 5 6 7 9 11 13 | 13.4
Fighting       | 3 4 5 6 8 10 | 10.2
Dodging        | 3 4 5 6 |  6.0
Throwing       | 1 |  1.0
Evocations     | 1 3 |  3.0
Short Blades   | 1 3 |  3.0

Action                     |  1- 3 |  4- 6 |  7- 9 | 10-12 || total
---------------------------+-------+-------+-------+-------++-------
   Fire: Shortbow          |    90 |   170 |   348 |   127 ||   735
 Invoke: Ancestor Life: Kn |       |       |     1 |       ||     1
    Use: Scroll            |       |     7 |    11 |     5 ||    23
         Potion            |       |       |     1 |     3 ||     4
 Armour: Leather armour    |     4 |       |       |       ||     4
         Chain mail        |    32 |       |       |       ||    32
         Scale mail        |       |    84 |   137 |    24 ||   245
  Dodge: Dodged            |    33 |    71 |   138 |    30 ||   272

Table legend: (Time is in decaauts)
 A = Elapsed time spent in this place.
 B = Non-inter-level travel time spent in this place.
 C = Inter-level travel time spent in this place.
 D = Time resting spent in this place.
 E = Time spent auto-exploring this place.
 F = Levels seen in this place.
 G = Mean time per level.
                   A        B        C        D        E       F      G
               +--------+--------+--------+--------+--------+-----+--------+
         Total |   9162 |   8484 |    678 |    167 |   6463 |  11 |  832.9 |
       Dungeon |   8992 |   8409 |    583 |    167 |   6398 |  10 |  899.2 |
        Temple |    169 |     74 |     95 |      0 |     65 |   1 |  169.0 |
               +--------+--------+--------+--------+--------+-----+--------+

Top non-repeatable levels by time:
     D:8: 1692 daAuts
     D:6: 1154 daAuts
     D:1: 1089 daAuts
     D:3: 955 daAuts
     D:5: 840 daAuts
     D:7: 819 daAuts
     D:4: 810 daAuts
     D:9: 708 daAuts
     D:2: 606 daAuts
    D:10: 315 daAuts
  Temple: 169 daAuts
